 Dungeon Crawl Stone Soup version 0.30-a0-691-g754fce4c43 (webtiles) character file.

Game seed: 10130842474274479135

1611101 wormed the Eviscerator (level 26, 133/133 HPs)
             Began as a Felid Chaos Knight on Jan 19, 2023.
             Was the Champion of Jiyva.
             Escaped with the Orb
             ... and 3 runes!
             The game lasted 02:57:00 (74957 turns).

wormed the Eviscerator (Felid Chaos Knight)        Turns: 74957, Time: 02:57:01

Health: 133/133    AC: 19    Str:  9    XL:     26   Next: 48%
Magic:  54/54      EV: 54    Int: 28    God:    Jiyva [******]
Gold:   1938       SH:  0    Dex: 29    Spells: 21/59 levels left
                                        Lives:  2   Deaths: 2

rFire   . . .      SeeInvis +      - Unarmed
rCold   + . .      Faith    .    (shield unavailable)
rNeg    . . .      Spirit   +    (body armour unavailable)
rPois   ∞          Reflect  .    (helmet unavailable)
rElec   +          Harm     .    (cloak unavailable)
rCorr   +          Rampage  .    (gloves unavailable)
Will    +++..                    (boots unavailable)
Stlth   +++                      h - amulet of guardian spirit
HPRegen 2.82/turn                U - ring "Xekhiom" {MP+9 Str+2 Int+4 Dex+6}
MPRegen 0.84/turn                S - ring "Tung" {Contam rC+ Int+3 Stlth+}

@: storm-form, flying, studying Dodging
A: cleaving, insubstantial, flying, very small, (claws 1), (fangs 3), see
invisible, (speed 1), (shaggy fur 3), (stealthy paws), no weapons or thrown
items, no armour, multi-lived, (antennae 3), (iridescent scales 1), (large bone
plates 1), agile 1, (fire resistance 1), regeneration 1, (eyeballs 1),
(pseudopods 2)
0: Orb of Zot
}: 3/15 runes: serpentine, barnacled, slimy
a: Blinkbolt, End Transformation, Renounce Religion, Oozemancy, Slimify


You escaped.
You worshipped Jiyva.
Jiyva was exalted by your worship.
You were a lightning-filled tempest!
You visited 13 branches of the dungeon, and saw 55 of its levels.
You visited the Abyss 1 time.
You also visited: Bailey.

You collected 17203 gold pieces.
You spent 3880 gold pieces at shops.
You paid 11385 gold pieces to Gozag.

Inventory:

Jewellery
 d - a ring of wizardry
 h - an amulet of guardian spirit (around neck)
 n - a +5 ring of evasion
 o - a ring of poison resistance
 w - a ring of positive energy
 z - a ring of protection from cold
 B - a +6 ring of intelligence
 E - an amulet of reflection
 G - an amulet of regeneration
 J - a +6 ring of intelligence
 L - the ring of Xudis {rC+ rN+}
   (You took it off a naga warrior on level 4 of the Snake Pit)

   [ring of positive energy]

   rC:        It protects you from cold.
   rN:        It protects you from negative energy.
 N - a +6 ring of dexterity
 P - a ring of flight
 Q - a ring of protection from fire
 S - the ring "Tung" (right paw) {Contam rC+ Int+3 Stlth+}
   (You took it off a purple draconian on level 2 of the Realm of Zot)

   [ring of protection from cold]

   Int:       It affects your intelligence (+3).
   rC:        It protects you from cold.
   Contam:    It causes magical contamination when unequipped.
   Stlth:     It makes you more stealthy.
 T - the amulet "Optostau" {Acrobat rElec rN++ rCorr Dex-4}
   (You found it on level 3 of the Depths)

   [amulet of the acrobat]

   It increases your evasion while moving and waiting.
   Dex:       It affects your dexterity (-4).
   rElec:     It insulates you from electricity.
   rN:        It greatly protects you from negative energy.
   rCorr:     It protects you from acid and corrosion.
 U - the ring "Xekhiom" (left paw) {MP+9 Str+2 Int+4 Dex+6}
   (You found it on level 1 of the Crypt)

   [ring of dexterity]

   Str:       It affects your strength (+2).
   Int:       It affects your intelligence (+4).
   Dex:       It affects your dexterity (+6).
   MP:        It affects your magic capacity (+9).
 W - a +4 ring of protection
 X - a +5 ring of evasion
 Y - the ring "Baptupha" {Ice +Blink rElec Int+8 Stlth-}
   (You took it off Josephina on level 1 of the Realm of Zot)

   [ring of ice]

   It enhances your ice magic.
   Int:       It affects your intelligence (+8).
   rF:        It makes you vulnerable to fire.
   rC:        It protects you from cold.
   rElec:     It insulates you from electricity.
   +Blink:    It lets you blink.
   Stlth:     It makes you less stealthy.
Wands
 l - a wand of polymorph (37)
 q - a wand of paralysis (30)
 t - a wand of flame (40) (quivered)
 y - a wand of mindburst (35)
 H - a wand of iceblast (19)
 R - a wand of digging (6)
Scrolls
 f - 10 scrolls of fog
 i - 8 scrolls of amnesia
 u - 8 scrolls of fear
 x - 6 scrolls of teleportation
 A - a scroll of summoning
 I - 3 scrolls of torment
 O - 2 scrolls of magic mapping
Potions
 b - 6 potions of attraction
 c - 3 potions of cancellation
 e - 4 potions of resistance
 g - 6 potions of magic
 j - 7 potions of brilliance
 k - 7 potions of might
 m - a potion of heal wounds
 p - 2 potions of ambrosia
 s - 3 potions of haste
 v - 18 potions of curing
 C - 6 potions of flight
 D - 6 potions of lignification
 F - 6 potions of invisibility
 K - 5 potions of mutation
Miscellaneous
 a - a piece from Xom's chessboard (15/15)


   Skills:
 - Level 21.0 Fighting
 - Level 21.0 Dodging
 - Level 13.0 Stealth
 + Level 24.1 Unarmed Combat
 - Level 17.0 Spellcasting
 - Level 10.0 Summonings
 - Level 10.0 Translocations
 - Level 19.0 Transmutations
 - Level 19.0 Air Magic


You had 21 spell levels left.
You knew the following spells:

 Your Spells              Type           Power      Damage    Failure   Level
a - Storm Form            Tmut/Air       46%        N/A       1%          7
b - Wereblood             Tmut           92%        N/A       0%          2
c - Vhi's Electric Charg  Tloc/Air       100%       N/A       0%          3
d - Manifold Assault      Tloc           68%        N/A       1%          4
e - Dispersal             Tloc           34%        N/A       4%          6
f - Summon Forest         Summ/Tloc      34%        N/A       1%          5
g - Summon Cactus Giant   Summ           34%        N/A       4%          6
h - Swiftness             Air            92%        N/A       0%          3
k - Blink                 Tloc           100%       N/A       1%          2

Your spell library contained the following spells:

 Spells                   Type           Power      Damage    Failure   Level
 Beastly Appendage        Tmut           100%       N/A       0%          1
 Airstrike                Air            46%        2d(7-23)  0%          4
 Apportation              Tloc           100%       N/A       1%          1
 Freeze                   Ice            92%        1d9       1%          1
 Shock                    Conj/Air       100%       1d9       1%          1
 Slow                     Hex            92%        N/A       1%          1
 Cigotuvi's Dreadful Rot  Necr/Pois/Air  100%       N/A       1%          2
 Lesser Beckoning         Tloc           100%       N/A       1%          2
 Passwall                 Tmut/Erth      55%        N/A       1%          2
 Poisonous Vapours        Pois/Air       100%       N/A       1%          2
 Static Discharge         Conj/Air       100%       2-7/arc   1%          2
 Gell's Gravitas          Tloc           68%        N/A       1%          3
 Ignite Poison            Fire/Tmut/Pois 56%        N/A       1%          3
 Mephitic Cloud           Conj/Pois/Air  56%        N/A       1%          3
 Spider Form              Tmut/Pois      67%        N/A       1%          3
 Teleport Other           Tloc           68%        N/A       1%          3
 Ice Form                 Ice/Tmut       67%        N/A       1%          4
 Passage of Golubria      Tloc           68%        N/A       1%          4
 Petrify                  Tmut/Erth      67%        N/A       1%          4
 Alistair's Intoxication  Tmut/Pois      44%        N/A       1%          5
 Arcjolt                  Conj/Air       33%        1d43      1%          5
 Blade Hands              Tmut           46%        N/A       1%          5
 Irradiate                Conj/Tmut      33%        3d22      1%          5
 Silence                  Hex/Air        33%        N/A       1%          5
 Yara's Violent Unravell  Hex/Tmut       33%        3d14      1%          5
 Dragon Form              Tmut           46%        N/A       1%          7
 Iskenderun's Mystic Bla  Conj/Tloc      51%        2d11      2%          4
 Summon Ice Beast         Ice/Summ       51%        N/A       2%          4
 Ensorcelled Hibernation  Hex/Ice        46%        N/A       3%          2
 Scorch                   Fire           46%        2d7       3%          2
 Maxwell's Capacitive Co  Air            46%        ∞         5%          8
 Confusing Touch          Hex            23%        N/A       6%          3
 Dazzling Flash           Conj/Hex       46%        N/A       6%          3
 Ozocubu's Armour         Ice            23%        N/A       6%          3
 Tukima's Dance           Hex            23%        N/A       6%          3
 Vampiric Draining        Necr           23%        2d7       6%          3
 Conjure Ball Lightning   Conj/Air       33%        3x3d11    6%          6
 Eringya's Noxious Bog    Tmut/Pois      33%        N/A       6%          6
 Statue Form              Tmut/Erth      44%        N/A       6%          6
 Summon Mana Viper        Hex/Summ       51%        N/A       7%          5
 Anguish                  Hex/Necr       11%        N/A       19%         4
 Animate Dead             Necr           23%        N/A       19%         4
 Cause Fear               Hex            11%        N/A       19%         4
 Dispel Undead            Necr           23%        3d12      19%         4
 Flame Wave               Conj/Fire      23%        2d8       19%         4
 Sticky Flame             Conj/Fire      23%        2d4       19%         4
 Monstrous Menagerie      Summ           34%        N/A       26%         7
 Summon Hydra             Summ           34%        N/A       26%         7
 Agony                    Necr           23%        N/A       47%         5
 Borgnjor's Vile Clutch   Necr/Erth      11%        N/A       47%         5
 Fireball                 Conj/Fire      11%        3d7       47%         5
 Metabolic Englaciation   Hex/Ice        11%        N/A       47%         5
 Disjunction              Tloc           34%        N/A       91%         8
 Necromutation            Tmut/Necr      33%        N/A       95%         8
 Death Channel            Necr           11%        N/A       96%         6
 Iron Shot                Conj/Erth      11%        9d3       96%         6
 Simulacrum               Ice/Necr       11%        N/A       96%         6
 Enfeeble                 Hex            11%        N/A       100%        7
 Ozocubu's Refrigeration  Ice            11%        4d10      100%        7
 Borgnjor's Revivificati  Necr           11%        N/A       100%        8
 Ignition                 Fire           11%        3d5       100%        8
 Infestation              Necr           11%        N/A       100%        8
 Lehudib's Crystal Spear  Conj/Erth      11%        10d4      100%        8
 Dragon's Call            Summ           34%        N/A       100%        9
 Animate Armour           Summ/Erth      Unusable   N/A       N/A         4

Dungeon Overview and Level Annotations

Branches:
Dungeon (15/15)            Temple (1/1) D:7            Lair (5/5) D:8
 Shoals (4/4) Lair:3        Snake (4/4) Lair:2        Slime (5/5) Lair:5
    Orc (2/2) D:10            Elf (2/3) Orc:2        Vaults (4/5) D:13
  Crypt (3/3) Vaults:2       Tomb (1/3) Crypt:3      Depths (4/4) D:15
    Zot (5/5) Depths:4     Bailey (visited)

Altars:
Ashenzari
Cheibriados
Dithmenos
Elyvilon
Fedhas
Gozag
Hepliaklqana
Kikubaaqudgha
Makhleb
Nemelex Xobeh
Okawaru
Qazlal
Ru
Sif Muna
Trog
Uskayaw
Vehumet
Wu Jian
Xom
Yredelemnul
Zin
The Shining One
Jiyva

Shops:
D:9 :   D:13 :   D:15 (   Orc:1 [   Orc:2 =*===!   Elf:1 :   Elf:2 (   Lair:2 =
Lair:4 :   Shoals:1 :   Shoals:2 ([!:   Shoals:3 :   Vaults:1 (   Vaults:2 :((
Depths:1 *   Depths:2 **

Portals:
Hell: Depths:1 Depths:2 Depths:3 Depths:4
Abyss: Depths:1 Depths:3 Depths:4
Pandemonium: Depths:1 Depths:2
Ziggurat: Depths:1
Trove: Vaults:4 (give 19 potions of curing)

Annotations:
D:2 Robin
D:10 1 runed translucent door
Slime:3 Dissolution
Slime:5 Royal Jelly
Crypt:1 Zogul's ghost, veteran MiGl
Zot:3 3 runed translucent doors, Foeck's ghost, veteran TrCK; Gofuck's ghost, veteran DgAE; Koub's ghost, legendary GnFE; Xitz's ghost, veteran DsCj


Innate Abilities, Weirdness & Mutations

You are a lightning-filled tempest!
Your electrical attacks strike out in all directions at once.
You are incredibly evasive.
Your insubstantial body is immune to petrification, constriction, and being set on fire You are flying.
You are immune to poison.
((You have sharp claws.))
((You have razor-sharp teeth.))
You have supernaturally acute eyesight. (SInv)
((You cover ground quickly. (Speed+)))
((Your thick and shaggy fur keeps you warm. (AC +3, rC+)))
((Your paws help you pounce on unaware monsters.))
You are incapable of wielding weapons or throwing items.
You cannot wear armour.
You gain extra lives every three experience levels.
((You have a pair of large antennae on your head. (SInv)))
((You are partially covered in iridescent scales. (AC +2)))
((You are partially covered in large bone plates. (SH +4)))
You are agile. (Dex +4, Str/Int -1)
((Your flesh is heat resistant. (rF+)))
Your natural rate of healing is unusually fast.
((Your body has grown eyes which may confuse attackers. (Acc +3)))
((Armour fits poorly on your large pseudopods.))


Message History

You bellow as the wereblood boils in your veins!
You feel energetic enough to blinkbolt again.
You bellow as the wereblood boils in your veins!
Magic restored.
You bellow as the wereblood boils in your veins!
You bellow as the wereblood boils in your veins!
There is a stone staircase leading up here.
Things that are here:
a +0 glaive; a +0 chain mail You fly upwards.
You bellow as the wereblood boils in your veins!
There is a stone staircase leading down here.
You bellow as the wereblood boils in your veins!
You bellow as the wereblood boils in your veins!
You bellow as the wereblood boils in your veins!
You bellow as the wereblood boils in your veins!
You bellow as the wereblood boils in your veins!
There is a stone staircase leading up here.
You fly upwards.
Level annotation: Robin
There is a stone staircase leading down here.
You bellow as the wereblood boils in your veins!
There is a stone staircase leading up here.
You bellow as the wereblood boils in your veins!
You fly upwards.
You bellow as the wereblood boils in your veins!
There is a stone staircase leading down here.
You bellow as the wereblood boils in your veins!
You bellow as the wereblood boils in your veins!
You bellow as the wereblood boils in your veins!
Jiyva says: Divide and consume!
You bellow as the wereblood boils in your veins!
Your primal bloodlust is almost over.
You hear a distant slurping noise.
You reach down and open the door.
You bellow as the wereblood boils in your veins!
There is an open door here.
Your primal bloodlust has ended.
There is a staircase leading out of the dungeon here.
You have escaped!

........................# #.#
..............##.#......# #.#
...#####................#
###.##
.........##.##.#.##.#####
#..... ...#######...#.#.##.#
#.#.#. ...# #........####
#...#[
...#######...###'########
#..##.
.(.##.......###...##....#
#..... ......#####.#
#.v.#####.# ##.###
#.....#####.###...#####.#####.#
#........##...##+###..........#
.........##.####....###.#######
####..##.##.# ###..###.#
............# #......#
#.........### ########
#.####.....### #.# #.##.#...#


There were no monsters in sight!

Vanquished Creatures
  6 dread liches
  4 orbs of fire (Zot:5)
  2 ancient liches
  Sojobo (Depths:4)
  Josephina (Zot:1)
  Parghit (Zot:4)
  7 Killer Klowns
  Margery (Vaults:4)
  4 curse toes
  9 golden dragons
  A pandemonium lord (D:15)
  3 bone dragons (Depths:4)
  4 electric golems
  10 tentacled monstrosities
  32 Orb Guardians
  2 walking crystal tomes
  Mlioglotl (Shoals:2)
  A walking earthen tome (Zot:3)
  An Ice Fiend (D:15)
  2 titans
  8 liches
  A walking divine tome (Zot:3)
  10 quicksilver dragons
  6 acid blobs
  2 walking frostbound tomes (Zot:3)
  9 sphinxes
  Frances (Shoals:1)
  7 death cobs
  6 tengu reavers
  8 ancient champions
  14 storm dragons
  6 shadow dragons
  Ilsuiw (Shoals:4)
  7 draconian monks
  11 draconian knights
  3 rockslimes
  2 azure jellies (Slime:2)
  The ghost of OTABOTABOTAB the Ruinous, an adept DECj of Vehumet (Shoals:4)
  Kirke (Lair:5)
  5 fire giants
  9 nagarajas
  2 narguns (Zot:3)
  2 deep elf sorcerers (Elf:1)
  11 vault wardens
  2 iron dragons
  2 frost giants
  8 draconian shifters
  2 ghost moths
  8 draconian scorchers
  Aizul (Vaults:3)
  5 curse skulls
  A juggernaut zombie (Crypt:2)
  An orc warlord (Vaults:1)
  10 ghouls
  3 draconian stormcallers
  8 very ugly things
  A cacodemon (D:14)
  27 ironbound preservers
  8 stone giants
  6 draconian annihilators
  2 spriggan defenders (Depths:4)
  5 ironbound thunderhulks
  8 quicksilver oozes
  9 vampire knights
  A juggernaut skeleton (Crypt:2)
  A demonspawn blood saint (D:11)
  2 caustic shrike skeletons
  2 deep elf demonologists
  8 black draconians
  13 dire elephants
  9 green draconians
  12 white draconians
  A lorocyproca (Abyss:2)
  30 purple draconians
  7 yellow draconians
  9 spark wasps
  13 red draconians
  An acid blob zombie (Crypt:3)
  Snorg (D:12)
  A blizzard demon (D:11)
  A crystal guardian (Vaults:3)
  7 eidola
  8 yaktaur captains
  A mummy priest (Tomb:1)
  6 deep elf death magi
  4 ettins
  4 merfolk javelineers
  8 merfolk impalers
  7 jiangshi
  6 fire dragons
  A green death (Depths:4)
  4 great orbs of eyes
  2 spriggan zombies (Crypt:2)
  A fenstrider witch zombie (Crypt:1)
  A deep elf high priest (Depths:4)
  2 rakshasas (Depths:3)
  2 entropy weavers
  6 ice dragons
  A spriggan skeleton (Crypt:2)
  3 hydras
  A peacekeeper (Vaults:3)
  A salamander tyrant (Snake:4)
  2 ogre magi (D:15)
  6 spriggan air magi
  4 merfolk avatars
  8 ironbound frosthearts
  14 vault guards
  A hell beast (D:8)
  An alligator snapping turtle (Shoals:3)
  8 anacondas
  19 centaur warriors
  A satyr (Shoals:4)
  4 boulder beetles
  5 merfolk aquamancers
  A catoblepas (Lair:5)
  6 death scarabs (Tomb:1)
  20 dancing weapons
  10 two-headed ogres
  15 naga warriors
  5 tengu warriors
  7 deep troll earth magi
  6 deep troll shamans
  17 death yaks
  2 hell hogs (Depths:1)
  5 spriggan berserkers
  10 hell knights
  13 naga sharpshooters
  Urug (D:10)
  5 vampire magi
  2 soul eaters
  Sonja (D:12)
  8 shock serpents
  18 deep elf knights
  5 salamander mystics
  A shadow wraith (Crypt:3)
  3 iron trolls
  28 skeletal warriors
  73 deep trolls
  A quicksilver dragon simulacrum (Zot:1)
  2 sixfirhies
  9 sea snakes
  2 flayed ghosts (Depths:3)
  A glowing orange brain (Vaults:1)
  A bunyip zombie (Crypt:1)
  An anaconda zombie (Crypt:1)
  8 lindwurms
  A shadow demon (D:15)
  2 bog bodies
  10 deep elf archers
  A tengu zombie (Crypt:2)
  A bunyip skeleton (Crypt:2)
  12 phantasmal warriors
  6 wizards
  32 harpies
  12 necromancers
  7 naga ritualists
  22 deep elf pyromancers
  14 orc knights
  14 ironbound convokers
  A sphinx skeleton (Depths:1)
  7 shining eyes
  A wolf spider (D:15)
  42 ugly things
  15 deep elf zephyrmancers
  12 mana vipers
  A fire giant zombie (Crypt:1)
  3 orc sorcerers
  2 oklob plants
  20 manticores
  A broodmother zombie (Crypt:2)
  9 fauns
  6 cyclopes
  A spectral deep troll (Depths:1)
  19 salamanders
  2 elephants (Lair:5)
  Maurice (D:9)
  7 water nymphs
  27 black mambas
  2 stone giant skeletons
  7 guardian serpents
  17 vault sentinels
  25 moths of wrath
  2 torpor snails
  11 merfolk sirens
  19 naga magi
  2 titan simulacra
  4 gargoyles
  A rust devil (D:15)
  9 cane toads
  Psyche (D:9)
  5 freezing wraiths
  A hellion (Depths:1)
  An unseen horror (D:10)
  A yellow draconian zombie (Crypt:1)
  4 rime drakes
  A tormentor (D:4)
  8 komodo dragons
  2 unseen horror zombies (D:8)
  25 yaktaurs
  3 kobold demonologists
  A tengu conjurer (D:15)
  4 centaur skeletons
  An ice devil (D:15)
  5 harpy zombies
  9 trolls
  A burning bush (Lair:2)
  4 hornets
  10 guardian mummies
  A wind drake (Shoals:3)
  A death drake zombie (Crypt:3)
  Prince Ribbit (D:6)
  An iron troll skeleton (Crypt:1)
  4 polar bears
  2 hydra skeletons
  22 merfolk
  2 tarantellas (Vaults:1)
  A snapping turtle (shapeshifter) (Depths:2)
  A raiju (Abyss:2)
  3 dream sheep (Shoals:4)
  9 snapping turtles
  2 harpy skeletons
  A draconian simulacrum (Zot:1)
  60 slime creatures
  7 flying skulls
  A satyr zombie (Crypt:2)
  3 air elementals
  5 spriggans
  A guardian serpent skeleton (Crypt:3)
  A centaur simulacrum (D:15)
  A vampire (D:12)
  A ynoxinul (D:4)
  An ettin skeleton (Depths:1)
  12 water elementals
  A culicivora (shapeshifter) (D:15)
  3 fire bats (Depths:1)
  An ushabti (Tomb:1)
  69 yaks
  A fire elemental (Elf:1)
  4 wraiths
  2 wyverns
  2 hogs (Lair:5)
  3 basilisks
  Eustachio (D:6)
  12 golden eyes
  A chaos spawn (D:15)
  6 vampire mosquitoes
  A hog (shapeshifter) (D:13)
  A neqoxec (Zot:1)
  7 wargs
  A deep troll zombie (Crypt:1)
  3 redbacks (Vaults:3)
  A harpy simulacrum (Crypt:1)
  A merfolk zombie (Crypt:3)
  34 nagas
  A faun zombie (Crypt:1)
  A naga zombie (Crypt:1)
  A cane toad zombie (Crypt:3)
  A hell hound (Abyss:2)
  2 moth of wrath simulacra (Zot:1)
  11 water moccasins
  33 orc warriors
  4 ice beasts
  6 black bears
  15 wolves
  A sky beast (D:7)
  12 ogres
  2 centaurs (D:13)
  A tengu (shapeshifter) (D:13)
  6 boggarts
  An elephant skeleton (Crypt:3)
  A phantom (D:4)
  A snapping turtle skeleton (Crypt:1)
  12 bullfrogs
  A nameless horror (Vaults:4)
  A draconian zombie (Crypt:2)
  3 kobold brigands
  5 necrophages
  Blork the orc (D:6)
  3 gnoll sergeants
  4 scorpions
  3 earth elementals (Elf:1)
  A wyvern zombie (D:8)
  7 wights
  A yak zombie (Crypt:1)
  6 killer bees (D:8)
  A howler monkey (D:13)
  4 lava snakes (Lair:2)
  3 electric eels
  A hound (D:5)
  A gnoll bouda (D:8)
  13 orc priests
  2 human zombies (Crypt:1)
  An iron imp (Abyss:2)
  3 jellies
  Jessica (D:3)
  4 iguanas
  2 human skeletons (Crypt:1)
  11 orc wizards
  A boggart skeleton (D:13)
  A killer bee zombie (D:8)
  16 mummies
  A howler monkey zombie (D:8)
  15 gnolls
  7 adders
  A swamp drake skeleton (Crypt:1)
  A shadow imp (D:6)
  A white imp (D:6)
  An ufetubus (D:6)
  4 dart slugs
  108 orcs
  11 ball pythons
  3 endoplasms
  5 giant cockroaches
  12 goblins
  7 hobgoblins
  11 jackals
  16 kobolds
  4 quokkas
  2 bats
  A frilled lizard (D:1)
  A jackal zombie (D:10)
  A kobold zombie (Crypt:2)
  4 rats
  A bush (Lair:1)
2118 creatures vanquished.

Vanquished Creatures (collateral kills)
  A juggernaut (Depths:3)
  Jory (Depths:4)
  A walking divine tome (Zot:3)
  An ancient champion (Crypt:3)
  A draconian monk (Zot:3)
  3 nagarajas (Snake:4)
  2 angels (Vaults:4)
  2 draconian annihilators (Zot:4)
  A purple draconian (Zot:4)
  A red draconian (Zot:2)
  An eidolon (Crypt:3)
  A yellow draconian (Depths:4)
  A fire dragon (Depths:3)
  2 merfolk javelineers (Shoals:4)
  A salamander tyrant (Snake:4)
  2 merfolk avatars (Shoals:4)
  A vault guard (Vaults:4)
  A merfolk aquamancer (Shoals:4)
  3 dancing weapons (Elf:2)
  2 naga warriors (Snake:4)
  2 hell knights (Vaults:4)
  A titan skeleton (Crypt:3)
  2 skeletal warriors (Crypt:3)
  A deep troll (Depths:2)
  A necromancer (Depths:1)
  A deep elf zephyrmancer (Elf:2)
  A deep elf pyromancer (Elf:2)
  A harpy (Shoals:4)
  4 fauns
  2 ugly things (Depths:1)
  2 moths of wrath
  4 merfolk sirens
  2 salamanders
  2 manticores (Shoals:4)
  A naga mage (Snake:4)
  2 water nymphs
  A smoke demon (D:15)
  A guardian mummy (Crypt:3)
  2 merfolk (Shoals:4)
  3 water elementals
  A fire bat (Depths:1)
  2 killer bees (D:8)
  A hound (D:4)
  A quokka (D:4)
  A bush (Lair:2)
71 creatures vanquished.

Vanquished Creatures (others)
  2 spriggans (Depths:3)
  A shock serpent (shapeshifter) (Depths:3)
  4 glowing orange brains
  A deep troll (Depths:3)
  A necromancer (Depths:3)
  A guardian serpent (Snake:4)
  A centaur skeleton (Crypt:3)
  A tengu conjurer (Depths:3)
  A merfolk (Shoals:2)
  2 hornets (Depths:3)
  A hog zombie (Crypt:3)
  78 jellies
  A boggart skeleton (Crypt:2)
  2 mummies (Tomb:1)
  3 training dummies (D:15)
  A bush (Lair:1)
  36 fungi
  171 plants
  14 snaplasher vines
  A starspawn tentacle (Abyss:2)
  10 withered plants
333 creatures vanquished.

Grand Total: 2522 creatures vanquished

Notes
Turn   | Place    | Note
-------+----------+-------------------------------------------
     0 | D:1      | wormed the Felid Chaos Knight began the quest for the Orb.
     0 | D:1      | Reached XP level 1. HP: 10/10 MP: 2/2
     5 | D:1      | XOM: smoke on damage
   146 | D:1      | XOM: divination: detect creatures
   188 | D:1      | Reached XP level 2. HP: 14/14 MP: 3/3
   191 | D:1      | XOM: potion effect (might)
   491 | D:1      | XOM: god gift: green potion {god gift}
   536 | D:1      | Reached XP level 3. HP: 17/17 MP: 4/4
   557 | D:1      | Found a faded altar of an unknown god.
   896 | D:1      | XOM: god gift: scale mail {god gift}
  1216 | D:2      | Noticed Robin
  1217 | D:2      | XOM: cast spell 'Cause Fear'
  1270 | D:2      | XOM: enchant monster (good)
  1406 | D:3      | XOM: divination: detect creatures
  1585 | D:3      | You fall into a shaft and drop 1 floor!
  1594 | D:4      | Noticed an ogre
  1600 | D:4      | XOM: chaos upgrade
  1616 | D:4      | Reached XP level 4. HP: 22/22 MP: 5/5
  1665 | D:4      | Found a radiant altar of Vehumet.
  1702 | D:4      | Noticed a phantom
  1705 | D:4      | HP: 1/22 [orc/+0 club (3)]
  1705 | D:4      | Slain by a jackal
  1706 | D:4      | Reached XP level 3. HP: -1/18 MP: 4/4
  1708 | D:4      | Found an iron altar of Okawaru.
  1740 | D:4      | XOM: god gift: glaive {god gift}
  1781 | D:3      | Noticed Jessica
  1787 | D:3      | Killed Jessica
  1850 | D:3      | XOM: silly message
  1933 | D:3      | Reached skill level 4 in Unarmed Combat
  1933 | D:3      | Reached XP level 4. HP: 22/22 MP: 5/5
  2081 | D:4      | XOM: enchant monster (good)
  2085 | D:4      | XOM: summons 4 friendly demons
  2086 | D:4      | HP: 1/22 [hound (3)]
  2090 | D:4      | Reached skill level 5 in Dodging
  2493 | D:4      | Found a blossoming altar of Fedhas.
  2639 | D:4      | XOM: 8-stop teleportation journey
  2645 | D:4      | XOM: summons friendly ufetubus
  2653 | D:4      | XOM: scenery: create altars
  2661 | D:4      | Killed a phantom
  2662 | D:4      | Reached XP level 5. HP: 15/25 MP: 6/6
  2707 | D:5      | Entered Level 5 of the Dungeon
  2765 | D:5      | XOM: destruction
  2858 | D:5      | XOM: divination: detect creatures
  2914 | D:5      | Noticed an ice beast
  2924 | D:5      | Killed an ice beast
  2925 | D:5      | Gained mutation: You are covered in thick fur. (AC +2)
                  | [Felid growth]
  2925 | D:5      | Reached XP level 6. HP: 30/30 MP: 7/7
  3065 | D:5      | Noticed an ice beast
  3073 | D:5      | XOM: enchant monster (good)
  3134 | D:5      | XOM: summons 2 friendly demons
  3144 | D:5      | XOM: butterfly on damage
  3152 | D:5      | Killed an ice beast
  3153 | D:5      | Reached skill level 5 in Fighting
  3153 | D:5      | Reached skill level 5 in Unarmed Combat
  3166 | D:5      | XOM: enchant monster (good)
  3227 | D:5      | Reached XP level 7. HP: 21/33 MP: 6/8
  3303 | D:5      | XOM: give mutations
  3303 | D:5      | Gained mutation: Your muscles are strong. (Str +4, Int/Dex
                  | -1) [Xom's grace]
  3303 | D:5      | Gained mutation: You possess an exceptional clarity of
                  | mind. [Xom's grace]
  3303 | D:5      | Gained mutation: You passively dampen the noise of your
                  | surroundings. [Xom's grace]
  3303 | D:5      | Gained mutation: You are agile. (Dex +4, Str/Int -1) [Xom's
                  | grace]
  3472 | D:6      | Noticed Eustachio
  3770 | D:4      | XOM: 2-stop teleportation journey
  3840 | D:4      | XOM: god gift: chain mail {god gift}
  3897 | D:3      | XOM: silly message
  3923 | D:4      | XOM: god gift: great mace {god gift}
  3933 | D:4      | XOM: 2-stop teleportation journey
  4213 | D:6      | XOM: 1-stop teleportation journey
  4275 | D:6      | Reached skill level 5 in Stealth
  4280 | D:6      | XOM: smoke on damage
  4345 | D:6      | XOM: confuse monster(s)
  4382 | D:6      | XOM: summons 1 hostile shadow creature
  4383 | D:6      | Noticed a steam dragon
  4407 | D:6      | a steam dragon changed into a tengu
  4407 | D:6      | XOM: polymorph steam dragon -> tengu
  4451 | D:6      | Noticed Blork the orc
  4458 | D:6      | Killed Blork the orc
  4459 | D:6      | Reached XP level 8. HP: 17/37 MP: 5/9
  4662 | D:6      | Noticed Prince Ribbit
  4669 | D:6      | Killed Prince Ribbit
  4670 | D:6      | Reached skill level 10 in Stealth
  4770 | D:6      | Killed Eustachio
  4996 | D:7      | XOM is BORED!
  4996 | D:7      | XOM: 2-stop teleportation journey
  5131 | D:7      | XOM: 2-stop teleportation journey
  5185 | D:7      | Found a staircase to the Ecumenical Temple.
  5193 | D:7      | XOM: divination: magic mapping
  5221 | D:7      | Found a stormy altar of Qazlal.
  5290 | D:7      | XOM: butterfly on damage
  5323 | Temple   | Entered the Ecumenical Temple
  5474 | D:7      | Reached skill level 6 in Unarmed Combat
  5474 | D:7      | Reached XP level 9. HP: 41/41 MP: 10/10
  5851 | D:8      | XOM: god gift: pink potion {god gift}
  5868 | D:8      | Noticed a cyan ugly thing
  5874 | D:8      | XOM: butterfly on damage
  5926 | D:7      | XOM: god gift: 33 gold pieces
  6063 | D:8      | XOM: polymorph killer bee -> scorpion
  6134 | D:8      | Found a flagged portal.
  6141 | D:8      | XOM: polymorph goblin -> endoplasm
  6153 | Bailey   | Entered a bailey
  6200 | Bailey   | Noticed a two-headed ogre
  6212 | Bailey   | XOM: smoke on damage
  6231 | Bailey   | Slain by an ogre
  6232 | Bailey   | Reached XP level 8. HP: -2/39 MP: 0/9
  6296 | D:8      | Killed a white ugly thing
  6297 | D:8      | Reached skill level 7 in Unarmed Combat
  6494 | D:8      | XOM: cast spell 'Summon Mana Viper'
  6500 | D:8      | Reached XP level 9. HP: 36/43 MP: 10/10
  6579 | D:8      | XOM: smoke on damage
  6737 | D:8      | XOM: polymorph wyvern -> hornet
  6746 | D:8      | Paralysed by a hornet for 2 turns
  6844 | D:8      | Learned a level 7 spell: Dragon Form
  7012 | D:8      | Found an opulent altar of Gozag.
  7062 | D:8      | Fell from the grace of Xom
  7062 | D:8      | Became a worshipper of Gozag Ym Sagoz the Greedy
  7083 | D:8      | Reached skill level 1 in Spellcasting
  7486 | D:8      | XOM: summons 3 hostile shadow creatures
  7695 | D:8      | Found a staircase to the Lair.
  7942 | D:9      | Noticed a troll
  7946 | D:9      | Noticed a kobold demonologist
  8011 | Lair:1   | Entered Level 1 of the Lair of Beasts
  8079 | Lair:1   | Noticed a komodo dragon
  8100 | Lair:1   | Noticed a cane toad
  8119 | Lair:1   | Killed a cane toad
  8120 | Lair:1   | Reached XP level 10. HP: 18/47 MP: 8/14
  8278 | Lair:1   | Noticed a cane toad
  8296 | Lair:1   | Reached skill level 5 in Transmutations
  8300 | Lair:1   | Killed a cane toad
  8903 | Lair:1   | Noticed a cane toad
  9129 | Lair:1   | Killed a cane toad
  9364 | Lair:1   | Reached skill level 5 in Spellcasting
  9409 | Lair:1   | Reached XP level 11. HP: 32/50 MP: 11/19
  9825 | Lair:1   | XOM: give mutations
  9825 | Lair:1   | Gained mutation: You occasionally shout uncontrollably at
                  | your foes. [Xom's mischief]
  9825 | Lair:1   | Gained mutation: You are partially covered in iridescent
                  | scales. (AC +2) [Xom's mischief]
 10392 | Lair:2   | XOM: summons 2 hostile demons
 10779 | Lair:2   | Reached skill level 10 in Transmutations
 10947 | Lair:2   | XOM: noise
 11515 | Lair:3   | You fall into a shaft and drop 1 floor!
 12141 | Lair:4   | Noticed an eight-headed hydra
 12213 | Lair:4   | Killed a ten-headed hydra
 12230 | Lair:4   | XOM: give mutation
 12230 | Lair:4   | Lost mutation: Your muscles are strong. (Str +4, Int/Dex
                  | -1) [Xom's mischief]
 12384 | Lair:4   | Noticed an oklob plant
 12393 | Lair:4   | Killed an oklob plant
 12746 | Lair:4   | Gained mutation: Your thick and shaggy fur keeps you warm.
                  | (AC +3, rC+) [Felid growth]
 12746 | Lair:4   | Reached XP level 12. HP: 54/54 MP: 16/24
 13074 | Lair:4   | XOM: summons 5 hostile demons
 13467 | Lair:3   | Found a staircase to the Shoals.
 13578 | Lair:3   | Noticed a five-headed hydra
 13590 | Lair:3   | Killed a six-headed hydra
 13874 | Lair:3   | Noticed a death yak
 13875 | Lair:3   | Noticed a death yak
 13875 | Lair:3   | Noticed a death yak
 13876 | Lair:3   | Noticed a death yak
 13876 | Lair:3   | Noticed a death yak
 13889 | Lair:3   | Killed a death yak
 13893 | Lair:3   | Killed a death yak
 13904 | Lair:3   | Noticed a death yak
 13907 | Lair:3   | Killed a death yak
 13913 | Lair:3   | Killed a death yak
 13917 | Lair:3   | Killed a death yak
 13920 | Lair:3   | Killed a death yak
 14294 | Lair:3   | XOM: give mutations
 14294 | Lair:3   | Lost mutation: You occasionally shout uncontrollably at
                  | your foes. [Xom's mischief]
 14294 | Lair:3   | Lost mutation: You possess an exceptional clarity of mind.
                  | [Xom's mischief]
 14503 | Lair:5   | Entered Level 5 of the Lair of Beasts
 14762 | Lair:5   | Noticed a death yak
 14762 | Lair:5   | Noticed a death yak
 14762 | Lair:5   | Noticed a death yak
 14762 | Lair:5   | Noticed a death yak
 14762 | Lair:5   | Noticed a death yak
 14768 | Lair:5   | Killed a death yak
 14774 | Lair:5   | Killed a death yak
 14775 | Lair:5   | Noticed a death yak
 14777 | Lair:5   | Killed a death yak
 14784 | Lair:5   | Killed a death yak
 14785 | Lair:5   | Reached skill level 15 in Transmutations
 14786 | Lair:5   | Killed a death yak
 14789 | Lair:5   | Killed a death yak
 14790 | Lair:5   | Reached XP level 13. HP: 30/57 MP: 6/27
 14904 | Lair:5   | XOM: torment (34/57 hp)
 15320 | Lair:5   | Found a staircase to the Slime Pits.
 15567 | Lair:5   | XOM: give mutations
 15567 | Lair:5   | Gained mutation: You are very agile. (Dex +8, Str/Int -2)
                  | [Xom's grace]
 15567 | Lair:5   | Gained mutation: You have hidden genetic potential. [Xom's
                  | grace]
 15567 | Lair:5   | Gained mutation: You are mostly covered in iridescent
                  | scales. (AC +4) [Xom's grace]
 15567 | Lair:5   | Gained mutation: Your spells are a little harder to cast,
                  | but a little more powerful. [Xom's grace]
 15636 | Lair:5   | Noticed Kirke
 15646 | Lair:5   | Killed Kirke
 15766 | Lair:5   | Reached skill level 10 in Spellcasting
 15792 | Lair:5   | Reached skill level 10 in Dodging
 15904 | Lair:5   | XOM: give mutations
 15904 | Lair:5   | Gained mutation: You occasionally shout uncontrollably at
                  | your foes. [Xom's mischief]
 15904 | Lair:5   | Lost mutation: You are very agile. (Dex +8, Str/Int -2)
                  | [Xom's mischief]
 15921 | Lair:5   | Noticed a dire elephant
 15928 | Lair:5   | Reached skill level 8 in Unarmed Combat
 15932 | Lair:5   | Killed a dire elephant
 16168 | Lair:2   | XOM: summons 4 hostile shadow creatures
 16414 | Lair:2   | Found a staircase to the Snake Pit.
 16927 | D:9      | Noticed Maurice
 16934 | D:9      | Killed Maurice
 17103 | D:9      | XOM: torment (55/88 hp)
 17258 | D:9      | Noticed Psyche
 17265 | D:9      | Killed Psyche
 17455 | D:9      | Bought an Inescapable Atlas for 384 gold pieces
 17464 | D:9      | Learned a level 7 spell: Storm Form
 17467 | D:9      | Learned a level 2 spell: Blink
 17472 | D:9      | Learned a level 4 spell: Manifold Assault
 17479 | D:10     | Entered Level 10 of the Dungeon
 17515 | D:10     | XOM: give mutations
 17515 | D:10     | Gained mutation: You are very agile. (Dex +8, Str/Int -2)
                  | [Xom's mischief]
 17515 | D:10     | Gained mutation: You are dopey. (Int -2) [Xom's mischief]
 17571 | D:10     | Reached skill level 1 in Air Magic
 17666 | D:10     | Found a sparkling altar of Nemelex Xobeh.
 17893 | D:10     | Found a staircase to the Orcish Mines.
 18136 | D:10     | Found a runed translucent door.
 18172 | D:10     | Found a basalt altar of Yredelemnul.
 18377 | D:10     | Noticed Urug
 18387 | D:10     | Killed Urug
 18604 | D:11     | Reached XP level 14. HP: 63/63 MP: 21/29
 18649 | D:11     | XOM: 2-stop teleportation journey
 18887 | D:11     | XOM: draining
 19221 | D:11     | XOM: summons 3 hostile shadow creatures
 19407 | D:11     | XOM: torment (38/55 hp)
 19418 | D:11     | XOM: give mutation
 19418 | D:11     | Lost mutation: You passively dampen the noise of your
                  | surroundings. [Xom's mischief]
 19750 | Abyss:2  | Cast into level 2 of the Abyss (Xom)
 19882 | Abyss:2  | Noticed a tentacled starspawn
 19993 | Abyss:2  | Noticed a tentacled starspawn
 20038 | Abyss:2  | Reached skill level 5 in Air Magic
 20050 | Abyss:2  | Found a corrupted altar of Lugonu.
 20075 | Abyss:2  | Noticed a white very ugly thing
 20112 | Abyss:2  | Noticed a tentacled starspawn
 20171 | D:12     | Escaped the Abyss
 20177 | D:12     | Noticed Sonja
 20212 | D:12     | Killed Sonja
 20219 | D:12     | Gained mutation: You have a pair of small horns on your
                  | head. [hidden potential]
 20260 | D:12     | Noticed Snorg
 20260 | D:12     | XOM: stat loss: -3 Dex (22/25)
 20715 | D:12     | XOM: 1-stop teleportation journey
 20780 | D:12     | Killed Snorg
 21554 | D:13     | XOM: scenery: create altars
 21554 | D:13     | Was forgiven by Xom
 21889 | D:13     | Found a gate to the Vaults.
 22689 | D:13     | Bought a Fen Folio for 504 gold pieces
 22698 | D:13     | Learned a level 5 spell: Summon Forest
 22976 | D:14     | Reached skill level 10 in Air Magic
 23382 | D:14     | Found an opulent altar of Gozag.
 23728 | D:15     | Entered Level 15 of the Dungeon
 24003 | D:15     | Reached XP level 15. HP: 67/67 MP: 23/30
 24096 | D:15     | Found Pailuaw's Firing Range.
 24197 | D:15     | Gained mutation: You are robust. (+10% HP) [hidden
                  | potential]
 24197 | D:15     | Lost mutation: You have hidden genetic potential. [hidden
                  | potential expressed]
 24743 | D:15     | Found a staircase to the Depths.
 25265 | Orc:1    | Entered Level 1 of the Orcish Mines
 25317 | Orc:1    | Found Deoleca's Antique Armour Shop.
 25641 | Orc:2    | Entered Level 2 of the Orcish Mines
 27033 | Orc:2    | Found Urucan's Jewellery Boutique.
 27033 | Orc:2    | Found Rukhlen's Distillery.
 27175 | Orc:2    | Found Yxzotsat's Jewellery Emporium.
 27175 | Orc:2    | Found Ygintuix's General Store.
 27269 | Orc:2    | Found a staircase to the Elven Halls.
 27704 | Snake:1  | Entered Level 1 of the Snake Pit
 28458 | Snake:1  | Reached skill level 15 in Air Magic
 28675 | Snake:1  | You are sucked into a shaft and drop 1 floor!
 28740 | Snake:2  | Noticed a nagaraja
 28756 | Snake:2  | Killed a nagaraja
 28757 | Snake:2  | Reached XP level 16. HP: 55/77 MP: 17/31
 30030 | Snake:2  | Reached skill level 1 in Summonings
 30030 | Snake:2  | Reached skill level 1 in Translocations
 30657 | Snake:2  | Reached skill level 5 in Translocations
 31046 | Snake:3  | Found a sparkling altar of Nemelex Xobeh.
 31568 | Snake:3  | Reached skill level 5 in Summonings
 32356 | Snake:4  | Entered Level 4 of the Snake Pit
 32654 | Snake:4  | Found an iron altar of Okawaru.
 32827 | Snake:4  | Reached skill level 10 in Translocations
 33345 | Snake:4  | Reached XP level 17. HP: 76/81 MP: 8/32
 34056 | Snake:4  | Got the Elucidation of Bruises
 34413 | Snake:4  | Identified the ring of Xudis {rC+ rN+}
 34521 | Snake:4  | Got a serpentine rune of Zot
 34725 | Shoals:1 | Entered Level 1 of the Shoals
 34725 | Shoals:1 | Noticed Frances
 34732 | Shoals:1 | Killed Frances
 35569 | Shoals:1 | Bought a book of Changes for 270 gold pieces
 35572 | Shoals:1 | Learned a level 2 spell: Wereblood
 36176 | Shoals:2 | Found Pasorch's Book Emporium.
 36229 | Shoals:2 | Found Syurruz's Distillery.
 36366 | Shoals:2 | Found Mupteani's Weapon Emporium.
 36655 | Shoals:2 | Found Yxorhi's Antique Armour Boutique.
 36723 | Shoals:2 | Reached skill level 10 in Summonings
 36831 | Shoals:2 | Noticed Mlioglotl
 36844 | Shoals:2 | Killed Mlioglotl
 37927 | Orc:2    | Bought a potion of cancellation for 112 gold pieces
 37927 | Orc:2    | Bought 2 potions of curing for 84 gold pieces
 37927 | Orc:2    | Bought a potion of curing for 42 gold pieces
 37927 | Orc:2    | Bought 2 potions of heal wounds for 140 gold pieces
 37927 | Orc:2    | Bought a potion of resistance for 140 gold pieces
 37927 | Orc:2    | Bought a potion of invisibility for 112 gold pieces
 38634 | Shoals:3 | Found Copn's Book Shoppe.
 38790 | D:9      | Bought Ruqimpy's Annotations on the Rotting Dragon for 480
                  | gold pieces
 39338 | Shoals:2 | Bought a potion of brilliance for 52 gold pieces
 39338 | Shoals:2 | Bought 2 potions of resistance for 260 gold pieces
 39338 | Shoals:2 | Bought a potion of might for 52 gold pieces
 39338 | Shoals:2 | Bought a potion of brilliance for 52 gold pieces
 39338 | Shoals:2 | Bought a potion of curing for 39 gold pieces
 39338 | Shoals:2 | Bought a potion of heal wounds for 65 gold pieces
 39338 | Shoals:2 | Bought a potion of haste for 130 gold pieces
 39355 | Shoals:4 | Entered Level 4 of the Shoals
 39421 | Shoals:4 | Reached XP level 18. HP: 85/85 MP: 22/33
 39570 | Shoals:4 | Noticed Ilsuiw
 40395 | Shoals:4 | Killed Ilsuiw
 40994 | Shoals:4 | Found a runed translucent door.
 40995 | Shoals:4 | Noticed OTABOTABOTAB's ghost (adept DECj)
 41152 | Shoals:4 | Got the Opusculum on Rot and Chilblains
 41219 | Shoals:4 | Reached skill level 9 in Unarmed Combat
 41683 | Shoals:4 | Got a barnacled rune of Zot
 41836 | Shoals:4 | Killed OTABOTABOTAB's ghost
 42073 | Shoals:2 | Bought a potion of resistance for 130 gold pieces
 42367 | Vaults:1 | Entered Level 1 of the Vaults
 42386 | Vaults:1 | Found Yhu Dato's Antique Weapon Boutique.
 43224 | Vaults:1 | Reached skill level 10 in Fighting
 43224 | Vaults:1 | Reached skill level 10 in Unarmed Combat
 43970 | Vaults:2 | Reached XP level 19. HP: 93/93 MP: 24/34
 44289 | Vaults:2 | Reached skill level 11 in Unarmed Combat
 45122 | Vaults:2 | Found Reratram's Weapon Boutique.
 45242 | Vaults:2 | Reached skill level 15 in Dodging
 45395 | Vaults:2 | Reached skill level 12 in Unarmed Combat
 45544 | Vaults:2 | Found Matral's Weapon Boutique.
 46257 | Vaults:3 | Noticed Aizul
 46275 | Vaults:3 | Killed Aizul
 46778 | Vaults:3 | Reached XP level 20. HP: 102/102 MP: 28/35
 46925 | Vaults:3 | Reached skill level 13 in Unarmed Combat
 48330 | Vaults:4 | Found a glowing golden altar of the Shining One.
 48338 | Vaults:4 | Found a glowing silver altar of Zin.
 48338 | Vaults:4 | Found a white marble altar of Elyvilon.
 48664 | Vaults:4 | Found a portal to a secret trove of treasure.
 48830 | Vaults:4 | Noticed Margery
 49844 | Elf:1    | Entered Level 1 of the Elven Halls
 49895 | Elf:1    | Reached skill level 14 in Unarmed Combat
 49984 | Elf:1    | Paralysed by an air elemental for 1 turns
 51285 | Elf:2    | Found Diexzaune's Weapon Boutique.
 51504 | Elf:2    | Found a runed translucent gate.
 51505 | Elf:2    | Found a runed translucent gate.
 51505 | Elf:2    | Found a runed translucent gate.
 51681 | Elf:2    | Reached XP level 21. HP: 98/108 MP: 33/36
 53188 | Slime:1  | Entered Level 1 of the Pits of Slime
 53348 | Slime:1  | Reached skill level 15 in Unarmed Combat
 53592 | Lair:4   | Bought an Everburning Encyclopedia for 612 gold pieces
 53596 | Lair:4   | Learned a level 3 spell: Vhi's Electric Charge
 53654 | Slime:2  | Gained mutation: You sometimes lose your temper in combat.
                  | [a shining eye]
 53656 | Slime:2  | Lost mutation: You are robust. (+10% HP) [a shining eye]
 53662 | Slime:2  | Reached skill level 15 in Fighting
 53664 | Slime:2  | Gained mutation: You frequently scream uncontrollably at
                  | your foes. [a shining eye]
 53740 | Slime:2  | Gained mutation: Your system is resistant to poisons.
                  | (rPois) [a shining eye]
 54263 | Slime:3  | Noticed Dissolution
 54544 | Slime:2  | You are sucked into a shaft and drop 1 floor!
 55007 | Slime:3  | Paralysed by a floating eye for 2 turns
 55012 | Slime:3  | Paralysed by a floating eye for 3 turns
 55041 | Slime:4  | Gained mutation: You are weak. (Str -2) [mutagenic glow]
 55056 | Slime:4  | Gained mutation: Your body sometimes deteriorates upon
                  | taking damage. [mutagenic glow]
 55060 | Slime:4  | Gained mutation: You occasionally lose the ability to read
                  | scrolls when taking damage. [a shining eye]
 55064 | Slime:4  | Gained mutation: Potions are less effective at restoring
                  | your health. [a shining eye]
 55067 | Slime:4  | Gained mutation: You are occasionally teleported next to
                  | monsters. [a shining eye]
 55523 | Slime:5  | Entered Level 5 of the Pits of Slime
 55534 | Slime:5  | Noticed the Royal Jelly
 55553 | Slime:5  | Found a viscous altar of Jiyva.
 55559 | Slime:5  | Identified a scroll of acquirement
 55560 | Slime:5  | Fell from the grace of Gozag
 55560 | Slime:5  | Became a worshipper of Jiyva Jorchosa the Shapeless
 56321 | Crypt:1  | Entered Level 1 of the Crypt
 56419 | Crypt:1  | Found a runed translucent gate.
 56420 | Crypt:1  | Found a runed translucent gate.
 56420 | Crypt:1  | Found a runed translucent gate.
 56420 | Crypt:1  | Noticed a dread lich
 56421 | Crypt:1  | Found an ancient bone altar of Kikubaaqudgha.
 56421 | Crypt:1  | Noticed Zogul's ghost (veteran MiGl)
 56422 | Crypt:1  | Noticed an ancient lich
 56654 | Crypt:1  | Reached * piety under Jiyva
 57299 | Crypt:2  | Reached skill level 16 in Unarmed Combat
 57634 | Crypt:2  | Reached ** piety under Jiyva
 57885 | Crypt:2  | Reached XP level 22. HP: 107/107 MP: 37/37
 58302 | Crypt:2  | Lost mutation: Your system is resistant to poisons. (rPois)
                  | [potion of mutation]
 58302 | Crypt:2  | Lost mutation: You are occasionally teleported next to
                  | monsters. [potion of mutation]
 58302 | Crypt:2  | Lost mutation: Potions are less effective at restoring your
                  | health. [potion of mutation]
 58303 | Crypt:2  | Lost mutation: You are dopey. (Int -2) [potion of mutation]
 58303 | Crypt:2  | Lost mutation: You have a pair of small horns on your head.
                  | [potion of mutation]
 58303 | Crypt:2  | Lost mutation: You frequently scream uncontrollably at your
                  | foes. [potion of mutation]
 58303 | Crypt:2  | Gained mutation: Your spells are harder to cast, but more
                  | powerful. [potion of mutation]
 58303 | Crypt:2  | Lost mutation: You sometimes lose your temper in combat.
                  | [potion of mutation]
 58307 | Crypt:3  | Entered Level 3 of the Crypt
 58571 | Crypt:3  | Noticed a curse toe
 58915 | Crypt:3  | Reached *** piety under Jiyva
 59072 | Crypt:3  | Lost mutation: You are mostly covered in iridescent scales.
                  | (AC +4) [Jiyva's grace]
 59072 | Crypt:3  | Lost mutation: Your body sometimes deteriorates upon taking
                  | damage. [Jiyva's grace]
 59072 | Crypt:3  | Lost mutation: You occasionally shout uncontrollably at
                  | your foes. [Jiyva's grace]
 59072 | Crypt:3  | Lost mutation: Your spells are harder to cast, but more
                  | powerful. [Jiyva's grace]
 59072 | Crypt:3  | Lost mutation: You occasionally lose the ability to read
                  | scrolls when taking damage. [Jiyva's grace]
 59072 | Crypt:3  | Gained mutation: You are mostly covered in iridescent
                  | scales. (AC +4) [Jiyva's grace]
 59072 | Crypt:3  | Gained mutation: You are completely covered in iridescent
                  | scales. (AC +6) [Jiyva's grace]
 59072 | Crypt:3  | Gained mutation: Your body has grown eyes which may confuse
                  | attackers. (Acc +3) [Jiyva's grace]
 59072 | Crypt:3  | Gained mutation: Your body has grown many eyes which may
                  | confuse attackers. (Acc +5) [Jiyva's grace]
 59075 | Crypt:3  | Noticed an ancient lich
 59085 | Crypt:3  | Killed an ancient lich
 59086 | Crypt:3  | Reached skill level 17 in Unarmed Combat
 59086 | Crypt:3  | Noticed a dread lich
 59290 | Crypt:3  | Killed a curse toe
 59388 | Crypt:3  | Killed a dread lich
 59437 | Crypt:3  | Got the Papyrus of Abominable Spells
 59538 | Crypt:3  | Found a staircase to the Tomb.
 59897 | Tomb:1   | Entered Level 1 of the Tomb of the Ancients
 59907 | Tomb:1   | Reached **** piety under Jiyva
 61092 | Depths:1 | Entered Level 1 of the Depths
 61156 | Depths:1 | Found a glowing golden altar of the Shining One.
 61194 | Depths:1 | Found Guaschuq's General Store.
 61321 | Depths:1 | Reached ***** piety under Jiyva
 61336 | Depths:1 | Reached skill level 18 in Unarmed Combat
 61393 | Depths:1 | Found a one-way gate to the infinite horrors of the Abyss.
 61448 | Depths:1 | Lost mutation: You are completely covered in iridescent
                  | scales. (AC +6) [Jiyva's grace]
 61448 | Depths:1 | Lost mutation: You are very agile. (Dex +8, Str/Int -2)
                  | [Jiyva's grace]
 61448 | Depths:1 | Lost mutation: Your body has grown many eyes which may
                  | confuse attackers. (Acc +5) [Jiyva's grace]
 61448 | Depths:1 | Gained mutation: Your natural rate of healing is unusually
                  | fast. [Jiyva's grace]
 61448 | Depths:1 | Gained mutation: You heal very quickly. [Jiyva's grace]
 61448 | Depths:1 | Gained mutation: You regenerate. [Jiyva's grace]
 61448 | Depths:1 | Gained mutation: You are covered in slimy tendrils that may
                  | disarm your opponents. [Jiyva's grace]
 61567 | Depths:1 | Found a one-way gateway to a ziggurat.
 62036 | Depths:1 | Found a one-way gate leading to the halls of Pandemonium.
 62081 | Depths:1 | Found a hazy altar of Hepliaklqana.
 62257 | Depths:1 | Found a gateway to Hell.
 62495 | Depths:2 | You are sucked into a shaft and drop 1 floor!
 62495 | Depths:3 | Noticed a juggernaut
 62655 | Depths:3 | Reached XP level 23. HP: 115/115 MP: 33/38
 62782 | Depths:3 | Killed a juggernaut
 63186 | Depths:3 | Reached skill level 19 in Unarmed Combat
 63806 | Depths:3 | Identified the +1 pair of boots "Qoibaru" {rF++ rN++ Dex+2}
 63808 | Depths:3 | Identified the amulet "Optostau" {Acrobat rElec rN++ rCorr
                  | Dex-4}
 63847 | Depths:3 | Found an iron altar of Okawaru.
 64078 | Depths:2 | Was forgiven by Gozag
 64166 | Depths:2 | Found Ryisukiatt's Assorted Antiques.
 64183 | Depths:2 | Bought a potion of heal wounds for 220 gold pieces
 64183 | Depths:2 | Found Xautaholu's General Store.
 64185 | Depths:2 | Reached ****** piety under Jiyva
 64265 | Depths:2 | Lost mutation: You are weak. (Str -2) [Jiyva's grace]
 64265 | Depths:2 | Lost mutation: Your spells are a little harder to cast, but
                  | a little more powerful. [Jiyva's grace]
 64265 | Depths:2 | Lost mutation: You are covered in slimy tendrils that may
                  | disarm your opponents. [Jiyva's grace]
 64265 | Depths:2 | Gained mutation: You have a small jelly attached to you
                  | that senses nearby items. [Jiyva's grace]
 64265 | Depths:2 | Gained mutation: Your flesh is heat resistant. (rF+)
                  | [Jiyva's grace]
 64265 | Depths:2 | Gained mutation: Your flesh is very heat resistant. (rF++)
                  | [Jiyva's grace]
 64265 | Depths:2 | Gained mutation: Your flesh is almost immune to the effects
                  | of heat. (rF+++) [Jiyva's grace]
 65259 | Crypt:1  | Killed a dread lich
 65282 | Crypt:1  | Identified the ring "Xekhiom" {MP+9 Str+2 Int+4 Dex+6}
 65620 | Depths:4 | Entered Level 4 of the Depths
 65810 | Depths:4 | Noticed Sojobo
 65833 | Depths:4 | Killed Sojobo
 66117 | Depths:4 | Found a gate to the Realm of Zot.
 66206 | Depths:4 | Noticed Jory
 66219 | Depths:4 | Killed Jory
 66410 | Depths:4 | Reached skill level 20 in Unarmed Combat
 67252 | Slime:5  | Got a slimy rune of Zot
 67255 | Slime:5  | Identified the +8 halberd of Grace {flame, rF+ rCorr Int+2}
 67263 | Slime:5  | Got the Vellum of Exothermic Lightning
 67878 | Vaults:4 | Reached XP level 24. HP: 122/122 MP: 38/38
 68146 | Vaults:4 | Killed Margery
 68568 | Zot:1    | Entered Level 1 of the Realm of Zot
 68756 | Zot:1    | Identified the ring "Baptupha" {Ice +Blink rElec Int+8
                  | Stlth-}
 68756 | Zot:1    | Noticed Josephina
 68944 | Zot:1    | Killed Josephina
 69176 | Zot:1    | Lost mutation: You regenerate. [Jiyva's grace]
 69176 | Zot:1    | Lost mutation: You have a small jelly attached to you that
                  | senses nearby items. [Jiyva's grace]
 69176 | Zot:1    | Gained mutation: Armour fits poorly on your pseudopods.
                  | [Jiyva's grace]
 69176 | Zot:1    | Gained mutation: Armour fits poorly on your large
                  | pseudopods. [Jiyva's grace]
 69176 | Zot:1    | Gained mutation: Armour fits poorly on your massive
                  | pseudopods. [Jiyva's grace]
 69176 | Zot:1    | Gained mutation: Your translucent skin slightly reduces
                  | your foes' accuracy. (Stealth+) [Jiyva's grace]
 69917 | Zot:2    | Identified the ring "Tung" {Contam rC+ Int+3 Stlth+}
 70715 | Zot:3    | Found a runed translucent gate.
 70716 | Zot:3    | Found a runed translucent gate.
 70717 | Zot:3    | Found a runed translucent gate.
 70718 | Zot:3    | Noticed Xitz's ghost (veteran DsCj)
 70719 | Zot:3    | Noticed Foeck's ghost (veteran TrCK)
 70719 | Zot:3    | Noticed Koub's ghost (legendary GnFE)
 70719 | Zot:3    | Noticed Gofuck's ghost (veteran DgAE)
 70899 | Zot:3    | Reached skill level 21 in Unarmed Combat
 71309 | Zot:3    | Lost mutation: You are mostly covered in iridescent scales.
                  | (AC +4) [Jiyva's grace]
 71309 | Zot:3    | Lost mutation: Your flesh is almost immune to the effects
                  | of heat. (rF+++) [Jiyva's grace]
 71309 | Zot:3    | Lost mutation: Your flesh is very heat resistant. (rF++)
                  | [Jiyva's grace]
 71309 | Zot:3    | Lost mutation: You heal very quickly. [Jiyva's grace]
 71309 | Zot:3    | Lost mutation: Armour fits poorly on your massive
                  | pseudopods. [Jiyva's grace]
 71309 | Zot:3    | Lost mutation: Your translucent skin slightly reduces your
                  | foes' accuracy. (Stealth+) [Jiyva's grace]
 71309 | Zot:3    | Gained mutation: You have a pair of small antennae on your
                  | head. [Jiyva's grace]
 71309 | Zot:3    | Gained mutation: You have a pair of antennae on your head.
                  | [Jiyva's grace]
 71309 | Zot:3    | Gained mutation: You have a pair of large antennae on your
                  | head. (SInv) [Jiyva's grace]
 71309 | Zot:3    | Gained mutation: You are partially covered in large bone
                  | plates. (SH +4) [Jiyva's grace]
 71491 | Zot:4    | Noticed Parghit
 71667 | Zot:4    | Killed Parghit
 71668 | Zot:4    | Reached XP level 25. HP: 128/128 MP: 41/41
 71842 | Zot:4    | Noticed a Killer Klown
 71857 | Zot:4    | Killed a Killer Klown
 71864 | Zot:4    | Noticed a Killer Klown
 71893 | Zot:4    | Killed a Killer Klown
 71961 | Zot:4    | Reached skill level 15 in Spellcasting
 72172 | Zot:4    | Learned a level 6 spell: Dispersal
 72179 | Zot:4    | Learned a level 6 spell: Summon Cactus Giant
 72183 | Zot:4    | Learned a level 3 spell: Swiftness
 72482 | Zot:5    | Entered Level 5 of the Realm of Zot
 72753 | Zot:5    | Noticed an orb of fire
 72759 | Zot:5    | Killed an orb of fire
 73253 | Zot:5    | Noticed an orb of fire
 73256 | Zot:5    | Noticed a Killer Klown
 73344 | Zot:5    | Killed a Killer Klown
 73487 | Zot:5    | Noticed a dread lich
 73507 | Zot:5    | Killed a dread lich
 73653 | Zot:5    | Killed an orb of fire
 73677 | Zot:5    | Noticed a Killer Klown
 73693 | Zot:5    | Killed a Killer Klown
 73714 | Zot:5    | Noticed a dread lich
 73727 | Zot:5    | Killed a dread lich
 73736 | Zot:5    | Noticed a Killer Klown
 73761 | Zot:5    | Killed a Killer Klown
 73845 | Zot:5    | Noticed a Killer Klown
 73866 | Zot:5    | Killed a Killer Klown
 73867 | Zot:5    | Reached skill level 22 in Unarmed Combat
 73919 | Zot:5    | Reached XP level 26. HP: 133/133 MP: 45/45
 73946 | Zot:5    | Noticed an orb of fire
 73956 | Zot:5    | Killed an orb of fire
 73964 | Zot:5    | Noticed a dread lich
 73970 | Zot:5    | Killed a dread lich
 73970 | Zot:5    | Noticed an orb of fire
 73973 | Zot:5    | Noticed an ancient lich
 73977 | Zot:5    | Noticed a dread lich
 73980 | Zot:5    | Killed an orb of fire
 73986 | Zot:5    | Killed an ancient lich
 73987 | Zot:5    | Reached skill level 23 in Unarmed Combat
 74006 | Zot:5    | Killed a dread lich
 74355 | Zot:5    | Got the Orb of Zot
 74381 | Zot:5    | Noticed Toru the pandemonium lord
 74482 | Zot:2    | Noticed Xushuc the pandemonium lord
 74614 | D:15     | Noticed Xuwyedd the pandemonium lord
 74624 | D:15     | Killed Xuwyedd the pandemonium lord
 74750 | D:11     | Reached skill level 24 in Unarmed Combat
 74957 | D:$      | Escaped with the Orb!

Illustrated notes

Levels and vault maps discovered:
D:1:      dpeg_arrival_tiny_h, layout_loops_cross,
          hellmonk_ecumenical_altar_arch_garden
D:2:      layout_basic, kennysheep_flooded_box, chequers_serial_rivers_room_b,
          small_statue_intersection, uniq_robin
D:3:      layout_loops_ring, uniq_jessica
D:4:      layout_basic, fedhas_altar_3, mainiacjoe_overflow_24_doors,
          mainiacjoe_overflow_tiny_flanked, grunt_ministairs_15,
          minmay_quantized
D:5:      layout_basic, nrook_uturn
D:6:      layout_rooms, kennysheep_generic_room_3, uniq_prince_ribbit1,
          uniq_blork_the_orc, uniq_eustachio
D:7:      layout_basic, mainiacjoe_overflow_boulevard,
          minmay_temple_entry_enclosed_plants, roderic_roman_lattice
D:8:      layout_loops_corners, old_standard_altar, lair_entry_dummy,
          enter_bailey_3, serial_undead, serial_undead_e, serial_undead_a,
          serial_undead_c, serial_undead_a
D:9:      nicolae_hitomezashi [nicolae_hito_row, nicolae_hito_row,
          nicolae_hito_row, nicolae_hito_row, nicolae_hito_row,
          nicolae_hito_row, nicolae_hito_row, nicolae_hito_row,
          nicolae_hito_row, nicolae_hito_row, nicolae_hito_row,
          nicolae_hito_row, nicolae_hito_row, nicolae_hito_row,
          nicolae_hito_row, nicolae_hito_row, nicolae_hito_row,
          nicolae_hito_row], layout_cross, uniq_maurice, uniq_psyche
D:10:     layout_basic, lemuel_round_altar, dk_yredelemnul_ordeal,
          hiddenorc2_lemuel, minmay_misc_feat_four_crosses,
          grunt_decor_fettered, grunt_decor_cap, uniq_urug
D:11:     layout_basic
D:12:     layout_irregular_city, kennysheep_generic_room_16, uniq_snorg,
          uniq_sonja
D:13:     layout_loops_cross, hangedman_vaults_entry_quadrant_bands
D:14:     layout_gridville, nicolae_gozag_cash_rules_everything_around_me
D:15:     hangedman_depths_entry_civil_slaughter, layout_basic,
          hangedman_decor_clover_reticule, nicolae_shop_firing_range
Temple:   hellmonk_temple_of_storms
Lair:1:   layout_chaotic_city, enter_volcano_2, pdpol_lair_neglected_garden,
          minmay_hedge_maze, wad_woods_road_03, fungi_pond_lemuel,
          lemuel_fruit_tree
Lair:2:   layout_cave_pods, nicolae_snake_entry_warm_welcome, evilmike_ambush
          [evilmike_ambush_outer_basic, evilmike_ambush_inner_pond],
          infiniplex_staircase_pool
Lair:3:   layout_gridlike, elwin_shoals_entry_stream, serial_bayou_lagoon_a,
          minivault_25, beast_lair_carwin_9
Lair:4:   layout_regular_city, serial_forest, infiniplex_forest_clump_cross,
          infiniplex_forest_lined_corner, infiniplex_forest_clump_long,
          infiniplex_forest_straight_3, infiniplex_forest_corner_2,
          infiniplex_forest_clump_curved, minivault_26, serial_bayou_shore_b
Lair:5:   grunt_lair_end_beastmaster, layout_hall_layers, slime_entry_1,
          uniq_kirke
Shoals:1: layout_shoals, uniq_frances
Shoals:2: layout_shoals, serial_shops, nicolae_shop_behind_doors, shop,
          nicolae_shop_temple_entry_statues_fountains,
          nicolae_shoals_square_sea_wall, nicolae_take_the_stairs,
          nicolae_shoals_pincushion_passage, uniq_mlioglotl
Shoals:3: layout_shoals, serial_shops, nicolae_shop_crystal,
          nicolae_shoals_siren_and_animal_friends
Shoals:4: shoals_end_hangedman, layout_shoals, shoals_ilsuiw_ice,
          ebering_ghost_inner_flame
Snake:1:  layout_honeycomb, st_stairs_12, serial_bayou_pond_d,
          guppyfry_library_mini
Snake:2:  layout_misc_corridors, nicolae_snake_single_loop
Snake:3:  layout_misc_corridors, basic_altar, grunt_megastairs_2
Snake:4:  grunt_snake_rune_spirals, layout_onion, lemuel_oklob_altar
Slime:1:  layout_caves
Slime:2:  layout_caves, nicolae_slime_round_cave
Slime:3:  layout_caves, cheibrodos_slime_lost_civilization_5, uniq_dissolution
Slime:4:  layout_caves
Slime:5
Orc:1:    layout_diamond_mine, serial_shops,
          nicolae_shop_competitors_out_of_business, nicolae_orc_rockfall
Orc:2:    st_orc_town, layout_diamond_mine, minmay_orc_temple_a
Elf:1:    layout_loops_ring, hangedman_elf_disciples
Elf:2:    nicolae_elf_blades_crystal_corner, layout_gridlike, serial_shops,
          nicolae_square_shop, lemuel_upstairs_altar, uniq_asterion
Vaults:1: v_misc_22, grunt_vaults_hallway_long, hangedman_vaults_restitches,
          v_alt_pattern_6, vaults_room_stairs_pillars, vaults_dpeg_hooks,
          nicolae_vaults_gold_heap, layout_vaults_big_room, serial_shops, shop
Vaults:2: v_pattern_4, v_rooms_6, minmay_crypt_entry_simple_sparse,
          dpeg_vaults_monster_box, hangedman_vaults_snaps,
          hangedman_vaults_stitches, vaults_dpeg_encased_lava,
          hangedman_vaults_nails, v_misc_15, vaults_room_semicircle,
          vaults_dpeg_emergency_exit, v_misc_19, v_alt_pattern_4,
          vaults_room_pool, layout_vaults_omnibox, serial_shops,
          nicolae_shop_statue_plus
Vaults:3: vaults_dpeg_spiral, v_alt_pattern_6, grunt_vaults_bifocal,
          hangedman_vaults_nails, nicolae_vaults_theta, ontoclasm_vaults_fault,
          nicolae_vaults_mini_display_case, v_misc_17, ontoclasm_vaults_idyll,
          ontoclasm_vaults_claustrophobia, nicolae_vaults_alarming, v_misc_13,
          nicolae_vaults_specimen_jars, layout_vaults_omnicross, uniq_aizul
Vaults:4: portal_desolation_entry_holy_temple, nicolae_vaults_network_square,
          v_pattern_1, vaults_mumra_minichess_inversion,
          vaults_mumra_chevron_long, nicolae_vaults_meeting,
          hangedman_vaults_capsules, vaults_dpeg_ring, v_misc_13,
          vaults_room_grunt_arrival_checkpoint, v_misc_4, v_misc_23,
          layout_vaults_maze_bifur, enter_trove_3, uniq_margery
Crypt:1:  layout_misc_corridors, gammafunk_ghost_crypt,
          grunt_crypt_arrival_guarded_gate
Crypt:2:  layout_chaotic_city, minivault_19, grunt_megastairs_4
Crypt:3:  david_glass_crypt, layout_gridlike, nicolae_tomb_entry_grand_gallery
Tomb:1
Depths:1: layout_honeycomb, enter_ziggurat_b, abyss_entry, hellmouth_1,
          serial_shops, shop, rand_demon_pan_entry_1, tso_metal_star,
          wad_floor_pattern_2, st_stairs_1,
          nicolae_hepliaklqana_monster_ancestors
Depths:2: kennysheep_water_balloons, layout_cave_shapes, pan_entry,
          minmay_misc_feat_alley, hell_entry, mu_enter_wizlab_2,
          minmay_shop_star, serial_bayou_shore_b, infiniplex_staircase_star
Depths:3: grunt_deathspiral_small, layout_cave_shapes, okawaru_gym_becter,
          grunt_metal_band, abyss_entry, minmay_evil_grid,
          infiniplex_staircase_zigzag_4
Depths:4: grunt_x_marks_the_spot, layout_gridlike,
          pf_vacation_house_of_asmodeus, abyss_entry_glasseish,
          serial_bayou_shore_b, uniq_sojobo, uniq_jory
Zot:1:    kennysheep_blocky_hall, layout_onion_interference, uniq_josephina
Zot:2:    layout_onion_interference
Zot:3:    layout_gridlike, gammafunk_ghost_cemetery, st_stairs_1,
          nicolae_rock_paper_scissors, grunt_megastairs_3
Zot:4:    cheibrodos_zot_enchanting_chambers, layout_basic, uniq_parghit
Zot:5:    layout_twisted_circle

Skill      XL: |  1  2  3  4  5  6  7  8  9 10 11 12 13 14 15 16 17 18 19 20 21 22 23 24 25 26 |
---------------+-------------------------------------------------------------------------------+-----
Dodging        | 4 5 6 9 8 11 13 16 18 20 21 | 21.0
Fighting       | 4 5 7 8 10 12 14 16 18 20 21 | 21.0
Unarmed Combat | 4 5 7 8 10 12 14 16 18 20 21 22 24 | 24.1
Stealth        | 7 10 12 13 | 13.0
Spellcasting   | 2 5 7 9 10 13 17 | 17.0
Transmutations | 4 8 12 15 16 17 18 19 | 19.0
Air Magic      | 3 11 15 16 17 18 19 | 19.0
Summonings     | 7 10 | 10.0
Translocations | 10 | 10.0

Action                   |  1- 3 |  4- 6 |  7- 9 | 10-12 | 13-15 | 16-18 | 19-21 | 22-24 | 25-27 || total
-------------------------+-------+-------+-------+-------+-------+-------+-------+-------+-------++-------
Melee: Unarmed           |   146 |   131 |   366 |   638 |   978 |  1001 |  1248 |  1332 |   493 ||  6333
       Bite              |    13 |    13 |    44 |   111 |    92 |     3 |     3 |       |       ||   279
       Punch             |     3 |     2 |    22 |    48 |    78 |    89 |   180 |   216 |    98 ||   736
       Tailslap          |       |       |       |    20 |    89 |       |       |       |       ||   109
       Headbutt          |       |       |       |       |     4 |     2 |    12 |       |       ||    18
       Pseudopods        |       |       |       |       |       |       |       |       |     5 ||     5
 Cast: Dragon Form       |       |       |       |    21 |    63 |       |       |       |       ||    84
       Storm Form        |       |       |       |       |    29 |   108 |    88 |   111 |    46 ||   382
       Manifold Assault  |       |       |       |       |       |    10 |     3 |   189 |       ||   202
       Summon Forest     |       |       |       |       |       |    21 |     6 |    36 |    11 ||    74
       Wereblood         |       |       |       |       |       |    34 |    82 |    91 |    35 ||   242
       Vhi's Electric Ch |       |       |       |       |       |       |     2 |    19 |    18 ||    39
       Blink             |       |       |       |       |       |       |       |     1 |       ||     1
       Swiftness         |       |       |       |       |       |       |       |       |     1 ||     1
Invok: Call Merchant     |       |       |       |     2 |     3 |     2 |     2 |       |       ||     9
 Abil: Breathe Fire      |       |       |       |     3 |    15 |       |       |       |       ||    18
       End Transformatio |       |       |       |       |     2 |       |     1 |       |       ||     3
       Blinkbolt         |       |       |       |       |     3 |    18 |     6 |    10 |    11 ||    48
Evoke: Piece from Xom's  |       |    12 |     7 |    10 |       |       |       |       |       ||    29
       Wand              |       |       |     9 |     1 |     2 |       |       |       |     4 ||    16
  Use: Scroll            |     6 |     7 |    10 |     2 |    10 |     4 |     5 |     2 |     3 ||    49
       Potion            |       |     1 |     4 |     2 |     5 |     5 |     8 |     8 |     7 ||    40
 Stab: Sleeping          |     2 |     1 |    22 |    14 |    13 |     5 |     7 |     3 |       ||    67
       Distracted        |       |     1 |     4 |     2 |    17 |    21 |    14 |    20 |    10 ||    89
       Petrified         |       |     6 |       |       |       |       |       |       |       ||     6
       Paralysed         |       |       |     1 |       |     2 |       |       |       |       ||     3
       Invisible         |       |       |     2 |       |       |       |       |       |       ||     2
Armor: Skin              |     5 |     4 |     5 |    39 |   146 |   156 |   116 |   114 |    30 ||   615
Dodge: Dodged            |   115 |   114 |   355 |   457 |   856 |  1394 |  1644 |  1468 |   594 ||  6997
Block: Other             |       |       |       |       |       |       |       |       |     6 ||     6

Table legend: (Time is in decaauts)
 A = Elapsed time spent in this place.
 B = Non-inter-level travel time spent in this place.
 C = Inter-level travel time spent in this place.
 D = Time resting spent in this place.
 E = Time spent auto-exploring this place.
 F = Levels seen in this place.
 G = Mean time per level.
                   A        B        C        D        E       F      G
               +--------+--------+--------+--------+--------+-----+--------+
         Total |  68401 |  61316 |   7085 |   5248 |  41476 |  57 | 1200.0 |
       Dungeon |  16102 |  13893 |   2209 |    966 |   9480 |  15 | 1073.5 |
        Temple |     85 |     85 |      0 |      0 |     69 |   1 |   85.0 |
          Lair |   8548 |   7516 |   1032 |    497 |   5210 |   5 | 1709.6 |
        Shoals |   6579 |   6192 |    387 |   1163 |   3930 |   4 | 1644.8 |
     Snake Pit |   6383 |   6230 |    153 |    182 |   4839 |   4 | 1595.8 |
    Slime Pits |   2606 |   2352 |    254 |    359 |   1432 |   5 |  521.2 |
  Orcish Mines |   2466 |   2125 |    341 |    700 |    995 |   2 | 1233.0 |
   Elven Halls |   2334 |   2252 |     82 |     66 |   1765 |   2 | 1167.0 |
        Vaults |   8073 |   6783 |   1290 |      0 |   5611 |   4 | 2018.2 |
         Crypt |   3583 |   3196 |    387 |    387 |   1878 |   3 | 1194.3 |
          Tomb |    858 |    735 |    123 |     92 |    418 |   1 |  858.0 |
        Depths |   5233 |   4699 |    534 |    326 |   3329 |   4 | 1308.2 |
           Zot |   5103 |   4815 |    288 |    507 |   2449 |   5 | 1020.6 |
         Abyss |    354 |    354 |      0 |      0 |     38 |   1 |  354.0 |
        Bailey |     89 |     89 |      0 |      0 |     26 |   1 |   89.0 |
               +--------+--------+--------+--------+--------+-----+--------+

Top non-repeatable levels by time:
Vaults:2: 2365 daAuts
Vaults:4: 2304 daAuts
     D:8: 2148 daAuts
 Snake:4: 2138 daAuts
Shoals:4: 1860 daAuts
  Lair:4: 1808 daAuts
  Lair:3: 1803 daAuts
Vaults:1: 1744 daAuts
   Zot:5: 1721 daAuts
  Lair:2: 1711 daAuts
Shoals:2: 1671 daAuts
Vaults:3: 1660 daAuts
  Lair:1: 1647 daAuts
Shoals:3: 1636 daAuts
Depths:3: 1592 daAuts
